 Dungeon Crawl Stone Soup version bcrawl-1.12-11-gb93c957c58 (webtiles) character file.

Game seed: 6219367111748483640

68103 Banto the Transmogrifier (level 14, -1/124 HPs)
             Began as a Black Draconian Transmuter on June 28, 2019.
             Was the Champion of Cheibriados.
             Slain by a centaur (2 damage)
             ... led by a centaur warrior
             ... while petrified by you
             ... on level 12 of the Dungeon.
             The game lasted 00:33:36 (23847 turns).

Banto the Transmogrifier (DrTm)                    Turns: 23847, Time: 00:33:36

Health: -1/124     AC: 12    Str: 29    XL:     14   Next: 85%
Magic:  22/22      EV:  2    Int: 30    God:    Cheibriados [******]
Gold:   1948       SH:  0    Dex: 33    Spells: 5/19 levels left

rFire    + . .     SeeInvis .     - Unarmed
rCold    + . .     Gourm    .   (shield currently unavailable)
rNeg     + + +     Faith    .   (armour unavailable)
rPois    ∞         Spirit   .   (helmet restricted)
rElec    +         Reflect  .   z - scarf {rC+ rF+}
rCorr    .         Harm     .   (gloves currently unavailable)
MR       +....                  (no boots)
Stlth    ++........             t - amulet of magic regeneration
HPRegen  0.30/turn              w - +4 ring of protection
MPRegen  0.43/turn              b - +4 ring of dexterity

@: blade hands, petrified, very slow
A: breathe lightning, unfitting armour, big wings, electricity resistance,
cold-blooded, AC +8
a: Breathe Lightning, Fly, End Transformation, Bend Time, Temporal Distortion,
Slouch, Step From Time, Renounce Religion


You were on level 12 of the Dungeon.
You worshipped Cheibriados.
Cheibriados was exalted by your worship.
You were not hungry.
You had blades for hands.
You visited 3 branches of the dungeon, and saw 19 of its levels.
You also visited: Sewer and Ice Cave.

You collected 1972 gold pieces.
You spent 24 gold pieces at shops.

Inventory:

Missiles
 a - 1692 arrows
 I - 5 throwing nets (quivered) {!f}
Armour
 u - a scarf of spirit shield
 z - a scarf of resistance (worn)
 G - a +2 pair of gloves of archery (melded)
Jewellery
 b - a +4 ring of dexterity (right scythe-like blade)
 t - an amulet of magic regeneration (around neck)
 w - a +4 ring of protection (left scythe-like blade)
Wands
 y - a wand of paralysis (11)
 A - a wand of acid (32)
 H - a wand of digging (7)
 J - a wand of clouds (4)
 N - a wand of iceblast (3)
Scrolls
 g - 5 scrolls of magic mapping
 h - 11 scrolls of remove curse
 j - 4 scrolls of enchant armour
 l - 4 scrolls of amnesia
 p - 5 scrolls of enchant weapon
 r - 3 scrolls of fog
 s - a scroll of immolation
 B - 5 scrolls of identify
 C - a scroll of blinking
 D - 2 scrolls of teleportation
Potions
 c - 6 potions of lignification
 e - 5 potions of heal wounds
 f - 8 potions of curing
 i - 3 potions of mutation
 m - a potion of invisibility
 n - a potion of ambrosia
 o - 8 potions of might
 v - 3 potions of flight
 x - 2 potions of agility
Miscellaneous
 F - a fan of gales
Comestibles
 d - 35 rations {!d}
 k - 10 chunks of flesh


   Skills:
 - Level 11.0 Fighting
 - Level 11.0 Dodging
 + Level 13.3 Unarmed Combat
 - Level 3.0 Spellcasting
 + Level 13.4 Transmutations
 - Level 4.0 Ice Magic
 - Level 11.0 Invocations


You had 5 spell levels left.
You knew the following spells:

 Your Spells              Type           Power        Failure   Level  Hunger
a - Blade Hands           Tmut           ######....   14%         5    ######.
b - Sticks to Snakes      Tmut           ######..     5%          2    #......
c - Spider Form           Tmut/Pois      #####.....   17%         3    ##.....
d - Ice Form              Ice/Tmut       ######..     21%         4    ####...

Your spell library contained the following spells:

 Spells                   Type           Power        Failure   Level  Hunger
 Beastly Appendage        Tmut           ######       4%          1    None


Dungeon Overview and Level Annotations

Branches:
Dungeon (12/12)            Temple (1/1) D:6            Lair (6/6) D:7
 Shoals (0/3) Lair:3        Snake (0/3) Lair:3        Slime (0/5) Lair:5
    Orc (0/1) D:9
 Vaults: D:11-12     Depths: D:12

Altars:
Ashenzari
Cheibriados
Dithmenos
Elyvilon
Fedhas
Gozag
Hepliaklqana
Kikubaaqudgha
Lugonu
Makhleb
Nemelex Xobeh
Okawaru
Qazlal
Ru
Sif Muna
Trog
Uskayaw
Vehumet
Wu Jian
Xom
Yredelemnul
Zin
The Shining One
Jiyva

Shops:
D:8 *

Portals:
Hell: Lair:6

Annotations:
D:11 exclusions: deep elf knight, door, human and vault guard
Lair:1 3 runed translucent doors, Snarbu88's ghost, novice MiFi
Lair:2 1 runed translucent door, Nordon's ghost, journeyman GrAM


Innate Abilities, Weirdness & Mutations

You can breathe wild blasts of lightning.
Your glossy black scales are hard. (AC +8)
You cannot fit into any form of body armour.
Your large and strong wings let you fly indefinitely.
You are resistant to electric shocks. (rElec)
You are cold-blooded and may be slowed by cold attacks.


Message History

* * * LOW HITPOINT WARNING * * *
Helpless, you fail to dodge the bolt of lightning.
You resist.
* * * LOW HITPOINT WARNING * * *
The ogre hits you with a +0 giant spiked club!!
* * * LOW HITPOINT WARNING * * *
You hear a shout!
A two-headed ogre comes into view.
It is wielding a +0 giant spiked club and a +0 dire flail.
The centaur unwields a +1 shortbow of freezing.
The centaur hits you but does no damage.
The ogre hits you with a +0 giant spiked club!!
* * * LOW HITPOINT WARNING * * *
The centaur hits you!
* * * LOW HITPOINT WARNING * * *
The ogre mage barely misses you.
The centaur unwields a +0 shortbow.
The centaur hits you but does no damage.
The ogre hits you with a +0 giant spiked club!
* * * LOW HITPOINT WARNING * * *
The centaur hits you.
You die...

###### #O....#
##.OOO... #@c#
#Oc# #..# ..##..
#..# ...... #..#
.....<. ##...
##....... #...
##........
..###c###.......?.
......c§..........


You could see 2 two-headed ogres, an ogre mage, 2 ogres and 2 centaurs.

Vanquished Creatures
  A frost giant (IceCv)
  Nessos (Lair:6)
  A dire elephant (Lair:6)
  Josephine (Lair:6)
  A rakshasa (D:12)
  2 centaur warriors
  3 two-headed ogres
  10 hydras
  7 death yaks
  Urug (Lair:6)
  A sixfirhy (Lair:6)
  A wizard (Lair:6)
  2 ugly things (D:11)
  2 deep elf magi (D:12)
  2 manticores (D:12)
  6 elephants
  7 black mambas
  Joseph (D:7)
  2 merfolk sirens (Lair:3)
  2 naga magi (D:12)
  2 centaur zombies
  A smoke demon (Lair:6)
  4 torpor snails
  2 orange demons (Lair:6)
  11 cane toads
  5 rime drakes
  6 komodo dragons
  A tengu conjurer (D:11)
  3 ice devils (Lair:6)
  2 merfolk (Lair:3)
  A troll (D:12)
  20 polar bears
  10 blink frogs
  9 slime creatures
  A hornet (D:8)
  Prince Ribbit (D:7)
  2 dream sheep (Lair:3)
  13 hippogriffs
  A vampire (D:12)
  27 yaks
  2 wyverns
  5 wraiths (Lair:6)
  3 basilisks
  4 vampire mosquitoes (D:12)
  An acid dragon (Lair:5)
  14 water moccasins
  4 hell hounds (Lair:6)
  8 porcupines
  2 black bears (D:7)
  7 orc warriors
  An ice beast (D:6)
  A phantom (D:5)
  2 sky beasts
  4 ogres
  3 boggarts (D:11)
  A necrophage (D:8)
  24 wolves
  13 crocodiles
  4 centaurs
  2 big kobolds
  7 bullfrogs
  Blork the orc (D:4)
  2 scorpions (D:7)
  A wyvern skeleton (D:7)
  13 killer bees
  7 wights
  An electric eel (D:9)
  6 howler monkeys
  3 crimson imps
  A bullfrog zombie (D:6)
  6 bullfrog skeletons
  2 gnoll shamans (D:4)
  3 jellies
  3 centaur skeletons
  9 orc priests
  7 hounds
  15 orc wizards
  2 hell rats (Lair:2)
  3 iguanas
  5 worker ants
  A killer bee zombie (D:7)
  2 hound zombies
  A hound skeleton (D:8)
  48 gnolls
  8 adders
  17 river rats
  4 shadow imps
  An ooze (D:2)
  An adder zombie (D:6)
  2 adder skeletons
  6 worms
  A dart slug (D:4)
  3 leopard geckos
  48 orcs
  4 bats (D:1)
  6 giant cockroaches
  2 goblins
  7 hobgoblins
  24 jackals
  14 kobolds
  5 quokkas
  2 ball pythons
  5 frilled lizards
  10 rats
  A butterfly (Lair:5)
  A plant (Lair:6)
602 creatures vanquished.

Vanquished Creatures (collateral kills)
  A killer bee (D:5)
  A gnoll (D:4)
  2 orcs (D:6)
4 creatures vanquished.

Vanquished Creatures (others)
  A wolf (IceCv)
  An orc (D:9)
  18 fungi
  18 plants
38 creatures vanquished.

Grand Total: 644 creatures vanquished

Notes
Turn   | Place    | Note
-------+----------+-------------------------------------------
     0 | D:1      | Banto the Draconian Transmuter began the quest for the Orb.
     0 | D:1      | Reached XP level 1. HP: 16/16 MP: 3/3
   311 | D:1      | Reached XP level 2. HP: 23/23 MP: 5/5
   732 | D:2      | Reached XP level 3. HP: 20/28 MP: 4/6
   918 | D:2      | Learned a level 2 spell: Sticks to Snakes
   922 | D:2      | Learned a level 3 spell: Spider Form
   936 | D:2      | Found a radiant altar of Vehumet.
  1126 | D:2      | Reached XP level 4. HP: 29/35 MP: 7/7
  1926 | D:3      | Found a deep blue altar of Sif Muna.
  1970 | D:3      | Found a glowing silver altar of Zin.
  2059 | D:3      | Found a corrupted altar of Lugonu.
  2380 | D:4      | Reached XP level 5. HP: 28/40 MP: 8/8
  2490 | D:4      | Found a glowing drain.
  2670 | Sewer    | Entered a sewer
  2939 | Sewer    | Reached skill level 5 in Unarmed Combat
  2939 | Sewer    | Reached XP level 6. HP: 41/47 MP: 7/9
  2971 | Sewer    | Found a white marble altar of Elyvilon.
  3274 | D:4      | Reached skill level 5 in Transmutations
  3329 | D:4      | Found a bloodstained altar of Trog.
  3384 | D:4      | Noticed a sky beast
  3393 | D:4      | Killed a sky beast
  3527 | D:4      | Your scales start taking on a glossy black colour.
  3527 | D:4      | Reached XP level 7. HP: 39/52 MP: 10/10
  3527 | D:4      | Gained mutation: You are resistant to electric shocks.
                  | (rElec) [Black Draconian growth]
  4736 | D:4      | Learned a level 4 spell: Ice Form
  4930 | D:4      | Noticed Blork the orc
  4941 | D:4      | Killed Blork the orc
  4941 | D:4      | Reached XP level 8. HP: 47/59 MP: 8/11
  5774 | D:4      | Paralysed by a gnoll for 2 turns
  5866 | D:4      | Noticed a hippogriff
  5996 | D:5      | Entered Level 5 of the Dungeon
  6655 | D:5      | Reached skill level 1 in Ice Magic
  6983 | D:5      | Found a stormy altar of Qazlal.
  6983 | D:5      | Found a blossoming altar of Fedhas.
  7038 | D:5      | Reached XP level 9. HP: 49/64 MP: 9/12
  7087 | D:5      | Found a sparkling altar of Nemelex Xobeh.
  7585 | D:6      | Found a hide-covered altar of Uskayaw.
  7669 | D:6      | Found a staircase to the Ecumenical Temple.
  7760 | Temple   | Entered the Ecumenical Temple
  7845 | Temple   | Became a worshipper of Cheibriados the Contemplative
  8511 | D:7      | Reached * piety under Cheibriados
  8530 | D:7      | Learned a level 5 spell: Blade Hands
  8577 | D:7      | Noticed Joseph
  8620 | D:7      | Killed Joseph
  8672 | D:7      | Reached skill level 10 in Unarmed Combat
  9132 | D:7      | Found a sacrificial altar of Ru.
  9215 | D:7      | Reached XP level 10. HP: 65/77 MP: 14/14
  9401 | D:7      | Noticed Prince Ribbit
  9425 | D:7      | Killed Prince Ribbit
  9450 | D:7      | Reached ** piety under Cheibriados
  9465 | D:7      | Found a staircase to the Lair.
  9983 | D:8      | Reached skill level 5 in Fighting
  9999 | D:8      | Reached *** piety under Cheibriados
 10015 | D:8      | Reached skill level 5 in Dodging
 10181 | D:8      | Reached skill level 10 in Transmutations
 10429 | D:8      | Found Ihop's Assorted Antiques.
 10438 | D:8      | Bought a scroll labeled USTUBLIFIA for 24 gold pieces
 10538 | D:9      | Reached skill level 1 in Invocations
 10840 | D:9      | Noticed a centaur warrior
 10852 | D:9      | Killed a centaur warrior
 11225 | D:9      | Found a shattered altar of Ashenzari.
 11338 | D:9      | Reached **** piety under Cheibriados
 11340 | D:9      | Reached skill level 5 in Invocations
 11716 | D:9      | Noticed an orc knight
 12126 | D:9      | Reached XP level 11. HP: 88/88 MP: 15/15
 12250 | D:9      | Found a staircase to the Orcish Mines.
 12375 | D:10     | Entered Level 10 of the Dungeon
 12380 | D:10     | Noticed a two-headed ogre
 12383 | D:10     | Killed a two-headed ogre
 12488 | D:10     | Noticed a six-headed hydra
 12497 | D:10     | Killed a six-headed hydra
 13432 | D:11     | Noticed a vault guard
 13544 | Lair:1   | Entered Level 1 of the Lair of Beasts
 13698 | Lair:1   | Found a runed translucent gate.
 13699 | Lair:1   | Found a runed translucent gate.
 13699 | Lair:1   | Noticed Snarbu88's ghost (novice MiFi)
 13703 | Lair:1   | Found a runed translucent gate.
 13753 | Lair:1   | Noticed a seven-headed hydra
 13761 | Lair:1   | Killed a seven-headed hydra
 13808 | Lair:1   | Found a frozen archway.
 13841 | IceCv    | Entered an ice cave
 14698 | IceCv    | Reached XP level 12. HP: 85/101 MP: 15/18
 14878 | IceCv    | Reached ***** piety under Cheibriados
 14959 | IceCv    | Noticed a frost giant
 14980 | IceCv    | Killed a frost giant
 15605 | Lair:1   | Identified a scroll of acquirement
 16314 | Lair:2   | Reached skill level 10 in Fighting
 16495 | Lair:2   | Noticed Nordon's ghost (journeyman GrAM)
 16497 | Lair:2   | Found a runed translucent door.
 16819 | Lair:3   | Found a staircase to the Shoals.
 17115 | Lair:3   | Found a staircase to the Snake Pit.
 17319 | Lair:3   | Reached skill level 10 in Dodging
 17332 | Lair:3   | Reached ****** piety under Cheibriados
 17375 | Lair:3   | Reached XP level 13. HP: 116/116 MP: 19/19
 17556 | Lair:3   | Got a scintillating lapis lazuli ring
 17558 | Lair:3   | Identified the ring "Gameitz" {rN+ MP+9 Str+3} (You found
                  | it on level 3 of the Lair of Beasts)
 18487 | Lair:4   | Got a slimy rapier
 18921 | Lair:5   | Reached skill level 10 in Invocations
 19013 | Lair:5   | Found a staircase to the Slime Pits.
 19013 | Lair:5   | Found a viscous altar of Jiyva.
 19639 | Lair:6   | Entered Level 6 of the Lair of Beasts
 19643 | Lair:6   | Noticed Nessos
 19708 | Lair:6   | Identified the +6 rapier "Miojeasa" {speed, rPois rF- rC++
                  | MR-} (You found it on level 4 of the Lair of Beasts)
 20802 | Lair:6   | Gained mutation: Your large and strong wings let you fly
                  | indefinitely. [Black Draconian growth]
 20802 | Lair:6   | Reached XP level 14. HP: 124/124 MP: 22/22
 20953 | Lair:6   | Noticed Urug
 21104 | Lair:6   | Killed Nessos
 21201 | Lair:6   | Killed Urug
 21728 | Lair:6   | Found a burning altar of Makhleb.
 21769 | Lair:6   | Found a gateway to Hell.
 21898 | Lair:6   | Noticed Josephine
 21908 | Lair:6   | Killed Josephine
 23459 | D:12     | Entered Level 12 of the Dungeon
 23847 | D:12     | HP: 1/124 [ogre/+0 giant spiked club (7)]
 23847 | D:12     | Slain by a centaur

Skill      XL: |  1  2  3  4  5  6  7  8  9 10 11 12 13 14 |
---------------+-------------------------------------------+-----
Transmutations | 3 4 5 6 8 9 10 11 13 | 13.4
Unarmed Combat | 4 5 6 7 8 10 11 13 | 13.3
Ice Magic      | 2 4 |  4.0
Spellcasting   | 3 |  3.0
Dodging        | 3 5 7 10 11 | 11.0
Fighting       | 3 5 8 11 | 11.0
Invocations    | 5 9 10 11 | 11.0

Action                   |  1- 3 |  4- 6 |  7- 9 | 10-12 | 13-15 || total
-------------------------+-------+-------+-------+-------+-------++-------
Melee: Unarmed           |    87 |   208 |   456 |   531 |   480 ||  1762
       Tailslap          |    14 |    14 |    42 |    34 |    74 ||   178
       Kick              |     3 |       |       |       |       ||     3
       Punch             |     4 |     1 |     8 |    11 |    29 ||    53
 Cast: Beastly Appendage |     4 |       |       |       |       ||     4
       Spider Form       |       |     9 |    18 |       |       ||    27
       Ice Form          |       |       |     6 |     2 |     1 ||     9
       Sticks to Snakes  |       |       |     9 |       |       ||     9
       Blade Hands       |       |       |     2 |    10 |    19 ||    31
Invok: Slouch            |       |       |       |     2 |       ||     2
 Abil: Breathe Lightning |       |       |     5 |       |       ||     5
       End Transformatio |       |       |     1 |     1 |       ||     2
Evoke: Wand              |       |       |     2 |     2 |    10 ||    14
  Use: Scroll            |       |     7 |    10 |     7 |     5 ||    29
       Potion            |       |       |     1 |       |     1 ||     2
 Stab: Sleeping          |     1 |       |     1 |    14 |     3 ||    19
       Distracted        |       |     1 |     2 |     2 |     1 ||     6
       Paralysed         |       |       |     2 |       |     4 ||     6
       Confused          |       |       |       |       |     2 ||     2
  Eat: Chunk             |     1 |     9 |    22 |    17 |    14 ||    63
       Ration            |       |       |     1 |       |     1 ||     2
Armor: Skin              |    27 |    35 |   118 |   154 |   121 ||   455
Dodge: Dodged            |    52 |   130 |   293 |   452 |   574 ||  1501
